 Dungeon Crawl Stone Soup version 0.17-a0-1617-gfba1302 (webtiles) character file.

10299 urechis the Basher (level 11, -1/117 HPs)
             Began as an Ogre Fighter on Aug 1, 2015.
             Was a Follower of Ru.
             Slain by a yak (17 damage)
             ... on level 11 of the Dungeon.
             The game lasted 00:30:57 (14274 turns).

urechis the Basher (Ogre Fighter)                  Turns: 14274, Time: 00:30:57

Health: -1/117     AC:  9    Str: 31    XL:     11   Next: 59%
Magic:  11/11      EV:  9    Int:  7    God:    Ru [*.....]
Gold:   647        SH: 12    Dex: 12    Spells: 0 memorised, 10 levels left

rFire  . . .     SeeInvis .     a - +1 flail (protect)
rCold  . . .     Clarity  .     x - +0 robe
rNeg   . . .     SustAt   .     c - +0 shield
rPois  .         Gourm    .     (helmet restricted)
rElec  .         Spirit   .     n - +0 cloak
rCorr  .         Warding  .     (gloves unavailable)
rMut   .         Stasis   .     (boots unavailable)
MR     ++...                    (no amulet)
Stlth  +.........               g - ring of protection from magic
                                j - +3 ring of dexterity

@: mighty, very resistant to hostile enchantments, very unstealthy
A: unfitting armour, tough skin 1, inability to train dodging
a: Renounce Religion


You were on level 11 of the Dungeon.
You worshipped Ru.
Ru was aware of your devotion.
You were hungry.

You visited 2 branches of the dungeon, and saw 12 of its levels.

You collected 647 gold pieces.

Inventory:

Hand weapons
 a - a +1 flail of protection (weapon)
 b - a +0 blowgun
 y - a +0 giant spiked club
Missiles
 s - 63 poisoned needles
 J - 10 tomahawks (quivered)
 K - 4 large rocks
 Q - 6 exploding tomahawks
Armour
 c - a +0 shield (worn)
 n - a +0 cloak (worn)
 x - a +0 robe (worn)
Jewellery
 g - a ring of protection from magic (right hand)
 j - a +3 ring of dexterity (left hand)
 p - an uncursed ring of stealth
 E - an uncursed ring of positive energy
 R - an uncursed ring of magical power
Magical devices
 I - a wand of fire (11)
 N - a wand of digging (7)
Scrolls
 f - 2 scrolls of amnesia
 h - 6 scrolls of magic mapping
 k - 4 scrolls of fog
 q - a scroll of fear
 t - a scroll of enchant weapon
 u - 2 scrolls of remove curse
 v - 3 scrolls of recharging
 H - 2 scrolls of teleportation
 O - a scroll of summoning {unknown}
Potions
 d - 2 potions of might
 i - a potion of agility
 o - a potion of ambrosia {unknown}
 r - 2 potions of cancellation
 z - a potion of flight
 B - a potion of beneficial mutation {unknown}
 C - a potion of berserk rage {unknown}
 F - 2 potions of degeneration {unknown}
 G - 3 potions of curing
 L - a potion of brilliance {unknown}
 M - a potion of lignification {unknown}
 P - 3 potions of poison {unknown}
Comestibles
 e - 7 bread rations
 l - 5 meat rations
 w - 2 beef jerkies
 A - 2 fruits
 D - a slice of pizza


   Skills:
 - Level 10.0 Fighting
 - Level 14.0 Maces & Flails
 + Level 8.9 Throwing
 - Level 9.0 Shields


You had 10 spell levels left.
You didn't know any spells.

Dungeon Overview and Level Annotations

Branches:
Dungeon (11/15)            Temple (1/1) D:5
   Lair: D:8-11         Orc: D:9-12

Altars:
Ashenzari
Cheibriados
Dithmenos
Elyvilon
Fedhas
Gozag
Kikubaaqudgha
Makhleb
Nemelex Xobeh
Okawaru
Qazlal
Ru
Sif Muna
Trog
Vehumet
Xom
Yredelemnul
Zin
The Shining One

Portals:
Trove: D:10 (give +5 ice dragon armour)

Annotations:
D:3 urechis's ghost, average OgFi


Innate Abilities, Weirdness & Mutations

You are too large for most types of armour.
You have tough skin (AC +1).
You cannot train Dodging skill.


Message History

The yak is almost dead.
The yak barely misses you.
You sock the yak!
You kill the yak!
You bludgeon the yak!!
The yak is heavily wounded.
You thump the yak!
The yak is severely wounded.
The yak gores you!
* * * LOW HITPOINT WARNING * * *
You hit the yak.
The yak is severely wounded.
The yak gores you.
* * * LOW HITPOINT WARNING * * *
You completely miss the yak.
The yak is severely wounded.
You sock the yak!
The yak is almost dead.
The yak gores you!
You die...

###########
#.Y@.......
#.#########
#.# #.# #.#
#.# #.# #.#


You could see a yak.

Vanquished Creatures
  A hill giant (D:10)
  An ugly thing (D:11)
  Grinder (D:4)
  A two-headed ogre (D:8)
  A hippogriff (D:9)
  8 yaks
  3 ice beasts
  4 phantoms
  3 water moccasins
  3 orc warriors
  A wasp (D:4)
  12 ogres
  5 sky beasts
  An eye of draining (D:11)
  5 centaurs
  A black bear (D:11)
  16 big kobolds (D:10)
  Blork the orc (D:6)
  7 giant frogs
  2 gnoll sergeants
  4 scorpions
  21 killer bees
  An electric eel (D:9)
  5 crimson imps
  A giant frog zombie (D:4)
  A wasp zombie (D:10)
  A centaur zombie (D:10)
  2 giant frog skeletons
  9 hounds
  A jelly (D:9)
  3 orc wizards
  3 iguanas
  7 orc priests
  6 worker ants
  A hound zombie (D:8)
  A worker ant zombie (D:8)
  6 gnolls
  12 adders
  2 shadow imps
  An ooze (D:2)
  An adder zombie (D:5)
  6 worms
  7 giant geckos
  51 orcs
  4 ball pythons
  4 giant cockroaches
  10 goblins
  6 hobgoblins
  19 jackals
  19 kobolds
  8 quokkas
  7 bats
  A giant gecko skeleton (D:4)
  A giant gecko zombie (D:6)
  4 giant newts
  A quokka zombie (D:6)
  8 rats
322 creatures vanquished.

Vanquished Creatures (others)
  A hill giant (D:11)
  An ice beast (D:11)
  An ogre (D:5)
  A killer bee (D:8)
  2 orc priests (D:11)
  2 adders (D:11)
  2 orcs (D:11)
10 creatures vanquished.

Grand Total: 332 creatures vanquished

Notes
Turn   | Place    | Note
--------------------------------------------------------------
     0 | D:1      | urechis the Ogre Fighter began the quest for the Orb.
     0 | D:1      | Reached XP level 1. HP: 24/24 MP: 1/1
   203 | D:1      | Reached XP level 2. HP: 26/33 MP: 2/2
   568 | D:1      | Reached XP level 3. HP: 31/41 MP: 3/3
  1205 | D:2      | Reached skill level 5 in Fighting
  1501 | D:2      | Reached XP level 4. HP: 45/50 MP: 4/4
  1788 | D:2      | Reached skill level 5 in Maces & Flails
  2470 | D:3      | Reached XP level 5. HP: 5/57 MP: 5/5
  2894 | D:3      | Reached skill level 6 in Maces & Flails
  2953 | D:3      | Noticed urechis's ghost (average OgFi)
  4258 | D:4      | Noticed an ogre
  4266 | D:4      | Killed an ogre
  4266 | D:4      | Reached XP level 6. HP: 19/67 MP: 6/6
  4521 | D:4      | Noticed a wasp
  4533 | D:4      | Killed a wasp
  4533 | D:4      | Reached skill level 7 in Maces & Flails
  4690 | D:4      | Noticed Grinder
  4834 | D:4      | Killed Grinder
  4834 | D:4      | Reached skill level 8 in Maces & Flails
  4834 | D:4      | Reached XP level 7. HP: 54/78 MP: 7/7
  5358 | D:4      | Reached skill level 9 in Maces & Flails
  5771 | D:5      | Entered Level 5 of the Dungeon
  5834 | D:5      | Reached XP level 8. HP: 72/88 MP: 8/8
  5905 | D:5      | Reached skill level 10 in Maces & Flails
  6620 | D:5      | Found a staircase to the Ecumenical Temple.
  6629 | Temple   | Entered the Ecumenical Temple
  6835 | Temple   | Became a worshipper of Ru the Awakened
  6907 | D:5      | Reached skill level 11 in Maces & Flails
  7495 | D:6      | Reached XP level 9. HP: 94/98 MP: 9/9
  7501 | D:6      | Reached skill level 12 in Maces & Flails
  7568 | D:6      | Noticed Blork the orc
  7589 | D:6      | Killed Blork the orc
  7622 | D:6      | Found an iron altar of Okawaru.
  8303 | D:7      | Gained mutation: You cannot train Dodging skill. [Ru sacrifice]
  8303 | D:7      | Acquired Ru's first power
  8316 | D:7      | Reached skill level 10 in Fighting
  8396 | D:7      | Reached skill level 13 in Maces & Flails
  8865 | D:7      | Found a bloodstained altar of Trog.
  8865 | D:7      | Found a stormy altar of Qazlal.
  8865 | D:7      | Found a glowing silver altar of Zin.
  8865 | D:7      | Found an iron altar of Okawaru.
  8865 | D:7      | Found an ancient bone altar of Kikubaaqudgha.
  8865 | D:7      | Found a blossoming altar of Fedhas.
  9361 | D:7      | Reached skill level 14 in Maces & Flails
  9802 | D:7      | Reached XP level 10. HP: 95/110 MP: 10/10
  9808 | D:7      | Reached skill level 5 in Shields
 10230 | D:7      | Found a shadowy altar of Dithmenos.
 12189 | D:9      | Noticed a fire giant
 12414 | D:10     | Entered Level 10 of the Dungeon
 12446 | D:10     | Reached skill level 1 in Throwing
 12591 | D:10     | Reached XP level 11. HP: 28/117 MP: 11/11
 13065 | D:10     | Noticed a hill giant
 13100 | D:10     | Killed a hill giant
 13172 | D:10     | Reached skill level 5 in Throwing
 13746 | D:10     | Found a portal to a secret trove of treasure.
 14142 | D:11     | Killed a hill giant
 14192 | D:11     | Noticed a centaur warrior
 14274 | D:11     | Slain by a yak

Vault maps used:
D:1:      eino_arrival_tree_alley
D:4:      first_bread, hangedman_decor_riveting, minmay_parallelograms,
          uniq_grinder
D:5:      lemuel_temple_firewalk_marked
D:6:      okawaru_ov_weapons_minmay, uniq_blork_the_orc
D:7:      grunt_temple_overflow_open, grunt_dithmenos_shadows,
          minmay_misc_feat_room, minmay_misc_feat_alley
D:9:      kennysheep_island_fort
D:10:     enter_trove_3
D:11:     lair_0_dummy, lemuel_flamethrower_2
Temple:   oiseaux_autumnal_temple_12

Action                   |  1- 3 |  4- 6 |  7- 9 | 10-12 || total
-------------------------+-------+-------+-------+-------++-------
Melee: Flail             |   110 |   187 |   313 |   669 ||  1279
 Fire: Blowgun           |       |     7 |    64 |    18 ||    89
Throw: Tomahawk          |       |       |     5 |       ||     5
Invok: Sacrifice Nimblen |       |       |     1 |       ||     1
       Reject Sacrifices |       |       |       |     1 ||     1
  Use: Potion            |       |     1 |       |     8 ||     9
       Scroll            |       |       |       |    11 ||    11
 Stab: Sleeping          |       |       |    20 |     7 ||    27
       Distracted        |       |       |     1 |     1 ||     2
  Eat: Chunk             |     2 |     7 |    15 |    13 ||    37
       Pizza             |       |     1 |       |       ||     1
       Beef jerky        |       |     1 |       |       ||     1
       Fruit             |       |       |     1 |     2 ||     3
